 Dungeon Crawl Stone Soup version 0.31-a0-986-g5e6e4ef867 (webtiles) character file.

Game seed: 4196186991449776314

60 pokeman the Magician (level 3, -4/20 HPs)
             Began as a Deep Elf Hedge Wizard on Nov 10, 2023.
             Slain by an orc
             ... wielding a +0 hand axe
              (5 damage)
             ... on level 2 of the Dungeon.
             The game lasted 00:04:17 (1946 turns).

pokeman the Magician (Deep Elf Hedge Wizard)        Turns: 1946, Time: 00:04:17

Health: -4/20      AC:  2    Str:  7    XL:     3   Next: 80%
Magic:  2/11       EV: 12    Int: 20    God:
Gold:   108        SH:  0    Dex: 14    Spells: 4/12 levels left

rFire   . . .        a - +0 dagger
rCold   . . .        (no shield)
rNeg    . . .        b - +0 robe
rPois   .            c - +0 hat
rElec   .            (no cloak)
rCorr   .            (no gloves)
SInv    .            (no boots)
Will    .....        (no amulet)
Stlth   ++           (no ring)
HPRegen 0.23/turn    (no ring)
MPRegen 0.12/turn

%: no passive effects
@: lethally poisoned (-4 -> -7)
A: no striking features
a: no special abilities


You were on level 2 of the Dungeon.
You visited 1 branch of the dungeon, and saw 3 of its levels.

You collected 108 gold pieces.

Inventory:

Hand Weapons
 a - a +0 dagger (weapon)
Armour
 b - a +0 robe (worn)
 c - a +0 hat (worn)
Magical Staves
 m - a staff of poison
Scrolls
 e - 3 scrolls of amnesia {unknown}
 f - a scroll of silence {unknown}
 g - a scroll of blinking {unknown}
 j - a scroll of enchant armour {unknown}
 l - a scroll of fog {unknown}
 n - a scroll of identify {unknown}
Potions
 d - a potion of magic
 h - a potion of heal wounds {unknown}
 i - 2 potions of degeneration {unknown}
 k - a potion of enlightenment {unknown}


   Skills:
 - Level 1.0 Fighting
 - Level 1.0 Armour
 + Level 2.4 Dodging
 + Level 2.4 Stealth
 * Level 5.4 Spellcasting
 + Level 2.0 Conjurations
 - Level 1.1 Summonings
 - Level 1.1 Translocations


You had 4 spell levels left.
You knew the following spells:

 Your Spells              Type           Power      Damage    Failure   Level
a - Magic Dart            Conj           52%        1d5       4%          1
b - Mephitic Cloud        Conj/Pois/Air  8%         N/A       26%         3
c - Call Imp              Summ           18%        N/A       11%         2
d - Blink                 Tloc           18%        N/A       11%         2

Your spell library contained the following spells:

 Spells                   Type           Power      Damage    Failure   Level
 Apportation              Tloc           18%        N/A       7%          1
 Summon Small Mammal      Summ           36%        N/A       7%          1
 Slow                     Hex            20%        N/A       11%         1
 Cigotuvi's Dreadful Rot  Necr/Pois/Air  10%        N/A       17%         2
 Ensorcelled Hibernation  Hex/Ice        10%        N/A       17%         2
 Jinxbite                 Hex            10%        N/A       17%         2
 Call Canine Familiar     Summ           9%         N/A       22%         3
 Summon Guardian Golem    Hex/Summ       7%         N/A       26%         3
 Inner Flame              Hex/Fire       5%         N/A       32%         3
 Flame Wave               Conj/Fire      9%         2d6       58%         4
 Sticky Flame             Conj/Fire      9%         2d3       58%         4
 Anguish                  Hex/Necr       2%         N/A       73%         4
 Alistair's Intoxication  Tmut/Pois      3%         N/A       97%         5


Dungeon Overview and Level Annotations

Branches:
Dungeon (3/15)

Altars:


Message History

Confirm with . or Enter, or press ? or * to list all spells.
Aiming: Magic Dart (safe; 4% risk of failure)
Press: ? - help, Shift-Dir - straight line, f/p - adder
Aim: an adder (lightly wounded, 100% to hit)
The magic dart hits the adder.
The adder is moderately wounded.
You feel sick. The adder closely misses you. The orc closely misses you.
Unknown command.
Casting: Magic Dart (safe; 4% risk of failure)
Confirm with . or Enter, or press ? or * to list all spells.
Aiming: Magic Dart (safe; 4% risk of failure)
Press: ? - help, Shift-Dir - straight line, f/p - adder
Aim: an adder (moderately wounded, 100% to hit)
The magic dart hits the adder.
The adder is heavily wounded.
You feel sick. The adder barely misses you. The orc misses you.
The adder misses you.
Casting: Magic Dart (safe; 4% risk of failure)
Confirm with . or Enter, or press ? or * to list all spells.
Aiming: Magic Dart (safe; 4% risk of failure)
Press: ? - help, Shift-Dir - straight line, f/p - adder
Aim: an adder (heavily wounded, 100% to hit)
The magic dart hits the adder.
The adder is severely wounded.
You feel sick. The adder bites you. The orc hits you with a +0 hand axe.
* * * LOW HITPOINT WARNING * * *
Casting: Magic Dart (safe; 4% risk of failure)
Confirm with . or Enter, or press ? or * to list all spells.
Aiming: Magic Dart (safe; 4% risk of failure)
Press: ? - help, Shift-Dir - straight line, f/p - adder
Aim: an adder (severely wounded, 100% to hit)
The magic dart hits the adder.
The adder is almost dead.
You feel sick.
You are no longer poisoned.
The adder bites you.
* * * LOW HITPOINT WARNING * * *
You are lethally poisoned!
The adder poisons you! The orc hits you with a +0 hand axe.
You die...

##.##........#
#.###...###.. #.# #.#......
#.# #.#..##.. ########
#.###...†.... .......#
#............
.#####.#########
###########.#
.##............######## #.#
.##.##.##.#.##.S@o....#
##.#
.##.##.##.#.##.######.#####
#... .......##.#....#
#......# #...
###..####.####.#####..###.#
#... ##.#
#.##.....<#.......# #...
####(## #......##.#....#..#
#... ......#
#......##.#..#.#..####...
.###..#
#...>..........#.........
.###..#
#.......#.#..............


You could see an adder and an orc.

Vanquished Creatures
  An adder (D:2)
  2 dart slugs (D:2)
  6 ball pythons
  8 endoplasms
  4 giant cockroaches
  A goblin (D:1)
  5 hobgoblins
  2 quokkas
  2 bats
  4 frilled lizards
  3 kobolds (D:1)
  5 rats
43 creatures vanquished.

Notes
Turn   | Place    | Note
-------+----------+-------------------------------------------
     0 | D:1      | pokeman the Deep Elf Hedge Wizard began the quest for the
                  | Orb.
     0 | D:1      | Reached XP level 1. HP: 10/10 MP: 7/7
   160 | D:1      | Found a faded altar of an unknown god.
   209 | D:1      | Reached XP level 2. HP: 5/15 MP: 0/9
   796 | D:1      | Reached skill level 5 in Spellcasting
   988 | D:2      | Reached XP level 3. HP: 20/20 MP: 8/11
   992 | D:2      | Learned a level 3 spell: Mephitic Cloud
   995 | D:2      | Learned a level 2 spell: Call Imp
   998 | D:2      | Learned a level 2 spell: Blink
  1706 | D:2      | Reached skill level 1 in Armour
  1785 | D:2      | Reached skill level 1 in Fighting
  1946 | D:2      | HP: 1/20 [adder (1)]
  1946 | D:2      | Slain by an orc

Illustrated notes

Levels and vault maps discovered:
D:1:      dpeg_arrival_tiny_a, layout_rooms,
          chequers_ecumenical_altar_simple_redux
D:2:      layout_loops_cross
D:3:      layout_basic, mainiacjoe_overflow_concentric_impassable, uniq_terence

Skill      XL: |  1  2  3 |
---------------+----------+-----
Spellcasting   | 5 |  5.4
Armour         | 1 |  1.0
Fighting       | 1 |  1.0
Conjurations   | 2 |  2.0
Dodging        | |  2.4
Stealth        | |  2.4
Summonings     | |  1.1
Translocations | |  1.1

Action                     || total
---------------------------++-------
  Melee: Dagger            ||     9
   Cast: Magic Dart        ||   107
         Mephitic Cloud    ||     1
 Armour: Robe              ||    15
  Dodge: Dodged            ||    16

Table legend: (Time is in decaauts)
 A = Elapsed time spent in this place.
 B = Non-inter-level travel time spent in this place.
 C = Inter-level travel time spent in this place.
 D = Time resting spent in this place.
 E = Time spent auto-exploring this place.
 F = Levels seen in this place.
 G = Mean time per level.
                   A        B        C        D        E       F      G
               +--------+--------+--------+--------+--------+-----+--------+
         Total |   1946 |   1920 |     26 |      0 |   1709 |   3 |  648.7 |
       Dungeon |   1946 |   1920 |     26 |      0 |   1709 |   3 |  648.7 |
               +--------+--------+--------+--------+--------+-----+--------+

Top non-repeatable levels by time:
     D:2: 1023 daAuts
     D:1: 915 daAuts
     D:3: 7 daAuts
